 Dungeon Crawl Stone Soup version 0.27-a0-1101-ge311f74bc8 (webtiles) character file.

Game seed: 3303111068391626868

4045 robertstho the Thaumaturge (level 10, -11/61 HPs)
             Began as a Djinni Fire Elementalist on Apr 28, 2021.
             Was an Initiate of Ashenzari.
             Hit by a large rock thrown by a cyclops (40 damage)
             ... on level 7 of the Dungeon.
             The game lasted 00:12:29 (8247 turns).

robertstho the Thaumaturge (DjFE)                   Turns: 8247, Time: 00:12:29

Health: -11/61     AC: 10    Str:  7    XL:     10   Next: 24%
Gold:   274        EV: 13    Int: 21    God:    Ashenzari [......] SH:  0 Dex: 13

rFire    + + +     SeeInvis +   r - +11 broad axe of Docizog {flame, rC+ SInv}
rCold    + . .     Faith    .   (no shield)
rNeg     . . .     Spirit   .   a - +0 robe
rPois    ∞         Reflect  .   u - +1 hat
rElec    .         Harm     .   b - scarf {rC+ rF+}
rCorr    .         Rampage  .   h - +2 pair of gloves of the Wild Blue Yonder {archery, Melee, Range} (curse)
Will     +....                  (boots unavailable)
Stlth    +++.......             f - amulet of the acrobat
HPRegen  0.20/turn              d - +4 ring of protection
MPRegen  0.00/turn              i - ring of wizardry

@: flying
A: fire resistance 2, cold vulnerability 1, float, innate caster, hp casting,
extra vitality 1
a: Renounce Religion, Curse Item, Shatter the Chains


You were on level 7 of the Dungeon.
You worshipped Ashenzari.
Ashenzari was noncommittal.
You visited 1 branch of the dungeon, and saw 7 of its levels.

You collected 274 gold pieces.

Inventory:

Hand Weapons
 p - a +0 long sword of electrocution
 r - the +11 broad axe of Docizog (weapon) {flame, rC+ SInv}
   (You took it off an orc wizard on level 7 of the Dungeon)

   It has been specially enchanted to burn those struck by it, causing extra
   injury to most foes and up to half again as much damage against particularly
   susceptible opponents.
   Big, fiery blades are also staple armaments of hydra-hunters.
   It protects you from cold.
   It lets you see invisible.
Missiles
 s - 4 atropa-tipped darts
Armour
 a - a +0 robe (worn)
 b - a scarf of resistance (worn)
 h - the cursed +2 pair of gloves of the Wild Blue Yonder (worn) {archery, Melee, Range}
   (You acquired it on level 5 of the Dungeon)

   It has a curse which improves the following skills: Melee Combat: Short
   Blades, Long Blades, Axes, Maces & Flails, Polearms, Staves and Unarmed
   Combat.
   Ranged Combat: Slings, Bows, Crossbows and Throwing.
 u - a +1 hat (worn)
Jewellery
 d - a +4 ring of protection (left hand)
 f - an amulet of the acrobat (around neck)
 i - a ring of wizardry (right hand)
 j - a +6 ring of strength
Wands
 g - a wand of digging (3)
 o - a wand of mindburst (10)
Scrolls
 c - a scroll of summoning
 e - 2 scrolls of magic mapping
 k - 2 scrolls of enchant armour
 l - 2 scrolls of teleportation
 m - 2 scrolls of enchant weapon
 q - a scroll of brand weapon
Potions
 n - 2 potions of curing
 t - 2 potions of might
 v - a potion of berserk rage


   Skills:
 + Level 0.5 Fighting
 + Level 0.3(0.5) Long Blades
 + Level 4.3 Dodging
 + Level 5.0 Stealth
 + Level 11.2 Spellcasting


You had 6 spell levels left.
You knew the following spells:

 Your Spells              Type           Power      Damage    Failure   Level
a - Foxfire               Conj/Fire      100%       2x1d9     1%          1
b - Conjure Flame         Conj/Fire      56%        6-21      1%          3
c - Inner Flame           Hex/Fire       56%        N/A       1%          3
d - Sticky Flame          Conj/Fire      56%        2d7       1%          4
e - Fireball              Conj/Fire      28%        3d12      1%          5
f - Summon Small Mammal   Summ           100%       N/A       1%          1
g - Passwall              Tmut/Erth      46%        N/A       1%          2
h - Wereblood             Tmut           56%        N/A       1%          2
i - Hailstorm             Conj/Ice       56%        3d12      1%          4
Your spell library was empty.

Dungeon Overview and Level Annotations

Branches:
Dungeon (7/15)             Temple (0/1) D:6

Altars:
Ashenzari
Elyvilon
Uskayaw

Shops:
D:1 :

Portals:
Abyss: D:3

Annotations:
D:3 2 transporters


Innate Abilities, Weirdness & Mutations

You are immune to poison.
Your flesh is very heat resistant. (rF++)
You are vulnerable to cold. (rC-)
You float through the air rather than walking.
You learn spells naturally, not from books.
Your magical power is your life essence.
You have superior vitality. (+4 HP)


Message History

Aiming: Sticky Flame (safe; 1% risk of failure)
Press: ? - help, Shift-Dir - straight line, f - unseen horror, p - cyclops
Aim: an unseen horror (slightly transparent, 100% to hit)
The sticky flame hits the unseen horror.
The unseen horror is lightly wounded.
The unseen horror is covered in liquid flames!
The unseen horror burns!
The unseen horror barely misses you. The unseen horror misses you.
Unknown command.
You barely miss the unseen horror.
The unseen horror is moderately wounded.
The unseen horror burns! x2; The unseen horror hits you.
The unseen horror hits you!
The unseen horror burns!
The unseen horror burns!
The unseen horror barely misses you. The unseen horror closely misses you.
Casting: Sticky Flame (safe; 1% risk of failure)
Confirm with . or Enter, or press ? or * to list all spells.
Aiming: Sticky Flame (safe; 1% risk of failure)
Press: ? - help, Shift-Dir - straight line, f/p - unseen horror
Aim: an unseen horror (almost dead, slightly transparent, 100% to hit)
The sticky flame hits the unseen horror but does no damage.
The unseen horror is almost dead.
The unseen horror is covered in liquid flames!
The unseen horror burns!
The unseen horror hits you but does no damage. x2
The unseen horror burns!
The unseen horror closely misses you.
The unseen horror burns!
You kill the unseen horror!
Your Stealth skill increases to level 5!
Casting: Sticky Flame (safe; 1% risk of failure)
Confirm with . or Enter, or press ? or * to list all spells.
Aiming: Fireball (dangerous; 1% risk of failure)
Press: ? - help, Shift-Dir - straight line, f - cyclops
Aim: a cyclops, quivering large rocks (heavily wounded)
The fireball explodes!
The fireball engulfs the cyclops!
The cyclops is almost dead.
The cyclops throws a large rock.
The large rock hits you!!!
Ouch! That really hurt!
You die...

.......(#.#[###..####.# #....###
#########.###..######.## #....###
........#.#..####8.##..###.#.....
##..#####..####8...##........####
####.....####8....8##.######.# #
..####..###8....≈..##.# #...####
....#####.....≈8..8##.# #.##....
.)..?###.##8....)..##.# #.......
)..###..#####8..@.8##.# ####....
.###..###.#####8...##.# #....
##..####.....####8.##.#######....
).####..# #..####.#$#....######
####o.# #.#.###C#.#.##.# # ##..#
#C.#..##.#.##.# # Z.#...#
#.##[####.#.##.###### # ..#...#
## ### #.#.#........ .#{..#.#
#.#.##.......


You could see a cyclops.

Vanquished Creatures
  A deep elf pyromancer (D:7)
  An unseen horror (D:7)
  Prince Ribbit (D:7)
  A wraith (D:7)
  A steam dragon (D:4)
  3 water moccasins
  An orc warrior (D:7)
  2 sky beasts
  2 ice beasts
  2 black bears (D:7)
  2 centaurs (D:7)
  4 ogres
  3 phantoms
  A bullfrog (D:7)
  4 scorpions
  A wyvern zombie (D:3)
  A water moccasin skeleton (D:5)
  4 wights (D:7)
  3 bullfrog zombies
  A hound (D:7)
  A jelly (D:6)
  3 bullfrog skeletons
  A gnoll shaman (D:7)
  4 iguanas
  An orc wizard (D:7)
  2 hound skeletons
  A howler monkey zombie (D:7)
  4 gnolls (D:3)
  10 adders
  2 white imps
  An ufetubus (D:5)
  An adder zombie (D:5)
  2 worms
  2 dart slugs
  10 orcs
  2 bats
  2 endoplasms
  2 giant cockroaches
  A goblin (D:2)
  7 hobgoblins
  4 quokkas
  3 ball pythons
  4 frilled lizards
  4 kobolds
  5 rats
118 creatures vanquished.

Vanquished Creatures (others)
  480 foxfires
480 creatures vanquished.

Grand Total: 598 creatures vanquished

Notes
Turn   | Place    | Note
-------+----------+-------------------------------------------
     0 | D:1      | robertstho the Djinni Fire Elementalist began the quest for
                  | the Orb.
     0 | D:1      | Reached XP level 1. HP: 15/15 MP: 0/0
   235 | D:1      | Reached skill level 3 in Spellcasting
   235 | D:1      | Reached XP level 2. HP: 17/21 MP: 0/0
   412 | D:1      | Found Hod Pao's Book Shoppe.
  1041 | D:2      | Reached XP level 3. HP: 21/25 MP: 0/0
  1041 | D:2      | Learned a level 1 spell: Summon Small Mammal
  1421 | D:2      | Reached XP level 4. HP: 29/31 MP: 0/0
  1695 | D:2      | Reached skill level 4 in Spellcasting
  2233 | D:3      | Found a white marble altar of Elyvilon.
  2239 | D:3      | Found a hide-covered altar of Uskayaw.
  2251 | D:3      | Reached XP level 5. HP: 18/35 MP: 0/0
  2251 | D:3      | Learned a level 2 spell: Passwall
  2562 | D:3      | Found a faded altar of an unknown god.
  2644 | D:3      | Found a transporter.
  2653 | D:3      | Noticed a kobold brigand
  2680 | D:3      | Found a one-way gate to the infinite horrors of the Abyss.
  2688 | D:3      | Found a transporter.
  2700 | D:3      | Reached skill level 5 in Spellcasting
  2999 | D:4      | Noticed an ogre
  3006 | D:4      | Killed an ogre
  3007 | D:4      | Reached XP level 6. HP: 34/40 MP: 0/0
  3120 | D:4      | Noticed a steam dragon
  3139 | D:4      | Killed a steam dragon
  3148 | D:4      | Reached XP level 7. HP: 29/45 MP: 0/0
  3148 | D:4      | Learned a level 2 spell: Wereblood
  3324 | D:4      | Found a broken altar of Ashenzari.
  3480 | D:4      | Became a worshipper of Ashenzari the Shackled
  3750 | D:4      | Identified Lugonu's Catalogue of Dislocation
  3810 | D:5      | Entered Level 5 of the Dungeon
  3812 | D:5      | Identified a scroll of acquirement
  3827 | D:5      | Reached skill level 6 in Spellcasting
  3846 | D:5      | Acquired a +2 pair of gloves of archery
  4355 | D:5      | Reached skill level 7 in Spellcasting
  4355 | D:5      | Reached XP level 8. HP: 45/50 MP: 0/0
  5121 | D:6      | Reached skill level 8 in Spellcasting
  6032 | D:6      | Found a staircase to the Ecumenical Temple.
  6129 | D:7      | Noticed a deep elf pyromancer
  6136 | D:7      | Killed a deep elf pyromancer
  6137 | D:7      | Reached skill level 9 in Spellcasting
  6137 | D:7      | Reached XP level 9. HP: 44/55 MP: 0/0
  6137 | D:7      | Learned a level 4 spell: Hailstorm
  6627 | D:7      | Reached skill level 10 in Spellcasting
  7340 | D:7      | Reached XP level 10. HP: 45/61 MP: 0/0
  7961 | D:7      | Noticed Prince Ribbit
  7964 | D:7      | Killed Prince Ribbit
  8079 | D:7      | Reached skill level 11 in Spellcasting
  8223 | D:7      | Identified the +11 broad axe of Docizog {flame, rC+ SInv}
  8234 | D:7      | Noticed a cyclops
  8236 | D:7      | Noticed an unseen horror
  8246 | D:7      | Killed an unseen horror
  8247 | D:7      | Reached skill level 5 in Stealth
  8247 | D:7      | Hit by a large rock thrown by a cyclops

Illustrated notes

Levels and vault maps discovered:
D:1:      lemuel_arrival_river_ford, layout_basic, serial_shops, shop
D:2:      layout_loops_ring
D:3:      layout_rooms, gammafunk_temple_overflow_pools,
          ebering_ecumenical_altar_webs, gammafunk_ghost_abyssal_escape,
          minmay_misc_feat_more_columns
D:4:      layout_rooms, nicolae_ashenzari_skybound, nrook_uturn
D:5:      layout_gridville, minmay_starry_boxes
D:6:      layout_cave_pools, minmay_temple_entry_poolview, dk_noncrumbling_3
D:7:      minmay_the_grid_triangle_9x9_rhombus_full
          [minmay_the_grid_triangle_9x9_windchime,
          minmay_the_grid_triangle_9x9_shrine,
          minmay_the_grid_triangle_9x9_intruding_spiral,
          minmay_the_grid_triangle_9x9_wacky_v,
          minmay_the_grid_triangle_9x9_cache,
          minmay_the_grid_triangle_9x9_sparse_checkered,
          minmay_the_grid_triangle_9x9_corruption,
          minmay_the_grid_triangle_9x9_prize_schism], layout_basic,
          uniq_prince_ribbit1

Skill      XL: |  1  2  3  4  5  6  7  8  9 10 |
---------------+-------------------------------+-----
Spellcasting   | 3 4 5 7 9 10 11 | 11.2
Stealth        | 2 3 4 5 |  5.0
Dodging        | 3 4 |  4.3
Fighting       | |  0.5
Long Blades    | |  0.3

Action                   |  1- 3 |  4- 6 |  7- 9 | 10-12 || total
-------------------------+-------+-------+-------+-------++-------
Melee: Broad axe         |       |       |       |     1 ||     1
 Cast: Foxfire           |    46 |    86 |   153 |       ||   285
       Sticky Flame      |       |     3 |    11 |     4 ||    18
       Fireball          |       |     1 |    30 |    14 ||    45
Invok: Curse Item        |       |       |     1 |       ||     1
  Use: Potion            |       |     2 |     1 |       ||     3
       Scroll            |       |       |     3 |       ||     3
Armor: Robe              |     1 |     1 |     7 |     2 ||    11
Dodge: Dodged            |     3 |     9 |    26 |     5 ||    43
       Rpst.: Long sword |       |       |     7 |       ||     7

Table legend: (Time is in decaauts)
 A = Elapsed time spent in this place.
 B = Non-inter-level travel time spent in this place.
 C = Inter-level travel time spent in this place.
 D = Time resting spent in this place.
 E = Time spent auto-exploring this place.
 F = Levels seen in this place.
 G = Mean time per level.
                   A        B        C        D        E       F      G
               +--------+--------+--------+--------+--------+-----+--------+
         Total |   8249 |   8003 |    246 |    486 |   6796 |   7 | 1178.4 |
       Dungeon |   8249 |   8003 |    246 |    486 |   6796 |   7 | 1178.4 |
               +--------+--------+--------+--------+--------+-----+--------+

Top non-repeatable levels by time:
     D:7: 2164 daAuts
     D:5: 1300 daAuts
     D:2: 1145 daAuts
     D:1: 1036 daAuts
     D:6: 976 daAuts
     D:4: 814 daAuts
     D:3: 811 daAuts
